 Dungeon Crawl Stone Soup version 0.28-a0-1447-ga5a8893891 (webtiles) character file.

Game seed: 15114292655273923790

66 hashsling the Gusty (level 4, -2/24 HPs)
             Began as a Tengu Air Elementalist on Jan 11, 2022.
             Killed by their own static electricity (3 damage)
             ... on level 2 of the Dungeon.
             The game lasted 00:08:02 (2247 turns).

hashsling the Gusty (Tengu Air Elementalist)        Turns: 2247, Time: 00:08:04

Health: -2/24      AC:  2    Str:  8    XL:     4   Next: 15%
Magic:  5/8        EV: 12    Int: 18    God:
Gold:   74         SH:  0    Dex: 14    Spells: 1/7 levels left

rFire   . . .      SeeInvis .   f - +0 short sword (drain)
rCold   . . .      Faith    .   (no shield)
rNeg    . . .      Spirit   .   a - +0 robe
rPois   .          Reflect  .   (helmet restricted)
rElec   .          Harm     .   (no cloak)
rCorr   .          Rampage  .   (no gloves)
Will    .....                   (boots unavailable)
Stlth   ++........              (no amulet)
HPRegen 0.08/turn               (no ring)
MPRegen 0.11/turn               (no ring)

@: brilliant
A: beak, talons 3
a: no special abilities


You were on level 2 of the Dungeon.
You visited 1 branch of the dungeon, and saw 3 of its levels.

You collected 74 gold pieces.

Inventory:

Hand Weapons
 f - a +0 short sword of draining (weapon)
Armour
 a - a +0 robe (worn)
Scrolls
 c - a scroll of vulnerability {unknown}
 h - a scroll of magic mapping {unknown}
Potions
 b - a potion of heal wounds {unknown}
 d - a potion of flight {unknown}
 e - a potion of brilliance


   Skills:
 - Level 2.1 Dodging
 - Level 2.0 Stealth
 + Level 2.4 Spellcasting
 * Level 3.4 Conjurations
 * Level 5.1 Air Magic


You had one spell level left.
You knew the following spells:

 Your Spells              Type           Power      Damage    Failure   Level
a - Shock                 Conj/Air       100%       1d9       3%          1
b - Static Discharge      Conj/Air       26%        N/A       4%          2
c - Swiftness             Air            30%        N/A       6%          3

Your spell library contained the following spells:

 Spells                   Type           Power      Damage    Failure   Level
 Airstrike                Air            15%        N/A       22%         4
 Ozocubu's Armour         Ice            3%         N/A       45%         3
 Ozocubu's Refrigeration  Ice            1%         4d5       100%        7


Dungeon Overview and Level Annotations

Branches:
Dungeon (3/15)

Altars:


Innate Abilities, Weirdness & Mutations

You have a beak for a mouth.
You have claws for feet.


Message History

You kill the orc!
An orc warrior comes into view. It is wielding a +0 mace.
The zap hits the orc warrior.
The orc warrior is lightly wounded.
The zap hits the orc warrior but does no damage.
The orc warrior is lightly wounded.
An orc comes into view. It is wielding a +0 dagger.
The zap hits the orc warrior.
The orc warrior is lightly wounded.
The orc shouts!
There is a stone staircase leading up here.
You climb upwards.
There is a stone staircase leading down here.
You see here a bat corpse.
There is a stone staircase leading down here.
You climb downwards.
There is a stone staircase leading up here.
The orc warrior closely misses you.
You climb upwards.
There is a stone staircase leading down here.
Casting: Shock (safe; 3% risk of failure)
Confirm with . or Enter, or press ? or * to list all spells.
The orc warrior is struck by an arc of lightning.
The orc warrior is lightly wounded.
You are struck by an arc of lightning.
The lightning grounds out.
The orc warrior hits you with a +0 mace!
Ouch! That really hurt!
* * * LOW HITPOINT WARNING * * *
Okay, then.
It was a potion of brilliance.
You feel clever all of a sudden.
The orc warrior hits you with a +0 mace.
* * * LOW HITPOINT WARNING * * *
Casting: Static Discharge (safe; 4% risk of failure)
Confirm with . or Enter, or press ? or * to list all spells.
You feel a surge of power!
The orc warrior is struck by an arc of lightning!
The orc warrior is heavily wounded.
You are struck by an arc of lightning.
You die...

#####.#.....#.###.#.####.# #.#
# #.#..................###.#
#####.#.##..#.....#..........#
##....#.#...............######
.#.####.#................#
.#<#
#.#...########.#...########
.#.#
#.#........................
.#.#
#.##.#.#.#####.#..########†
.#.# #....#.#.#@#
#.#..#...(..#. .#.#
#.####.#.#o# #.#..#.####.#.
.#.#########.#.#.###.#..#.#
#.#.
........#....#.#...#.#..#.#
#.#.
.#.####.#.####.###.#.#>.#.#
#.#. ?..............#
#.#.#..#.# #.#.
##.####.#.###### #.#.#..#.#
#.#. #.####.#.# #.#.#..#.#
#.#. #......#.#
#.#.#..#.####.#.


You could see an orc warrior.

Vanquished Creatures
  An adder (D:2)
  An orc (D:3)
  5 ball pythons
  5 bats
  An endoplasm (D:1)
  8 goblins
  5 hobgoblins
  10 jackals (D:2)
  A quokka (D:1)
  4 frilled lizards
  5 kobolds
  4 rats
50 creatures vanquished.

Notes
Turn   | Place    | Note
-------+----------+-------------------------------------------
     0 | D:1      | hashsling the Tengu Air Elementalist began the quest for
                  | the Orb.
     0 | D:1      | Reached XP level 1. HP: 10/10 MP: 4/4
   195 | D:1      | Reached XP level 2. HP: 15/15 MP: 0/6
   411 | D:1      | Learned a level 2 spell: Static Discharge
   947 | D:2      | Reached XP level 3. HP: 19/19 MP: 5/7
  1566 | D:2      | Reached skill level 5 in Air Magic
  1666 | D:2      | Learned a level 3 spell: Swiftness
  1928 | D:2      | Reached XP level 4. HP: 24/24 MP: 6/8
  2166 | D:3      | Noticed an orc warrior
  2246 | D:2      | HP: 1/24 [orc warrior (6)]
  2247 | D:2      | Killed from afar by themself

Illustrated notes

Levels and vault maps discovered:
D:1:      heliophobic_arrival_glass_houses, layout_basic, minmay_tetromino_l2
D:2:      layout_basic
D:3:      layout_loops_ring, shapermc_ecumenical_altar_notcrosses

Skill      XL: |  1  2  3 |
---------------+----------+-----
Conjurations   | 2 3 |  3.4
Air Magic      | 5 |  5.1
Dodging        | |  2.1
Stealth        | |  2.0
Spellcasting   | |  2.4

Action                   |  1- 3 |  4- 6 || total
-------------------------+-------+-------++-------
Melee: Unarmed           |     4 |       ||     4
       Short sword       |    13 |     4 ||    17
       Kick              |     3 |       ||     3
       Peck              |     3 |       ||     3
 Cast: Shock             |    73 |    10 ||    83
       Static Discharge  |     1 |     2 ||     3
  Use: Scroll            |     2 |       ||     2
       Potion            |       |     1 ||     1
Armor: Robe              |     3 |     2 ||     5
Dodge: Dodged            |    14 |     5 ||    19

Table legend: (Time is in decaauts)
 A = Elapsed time spent in this place.
 B = Non-inter-level travel time spent in this place.
 C = Inter-level travel time spent in this place.
 D = Time resting spent in this place.
 E = Time spent auto-exploring this place.
 F = Levels seen in this place.
 G = Mean time per level.
                   A        B        C        D        E       F      G
               +--------+--------+--------+--------+--------+-----+--------+
         Total |   2248 |   2203 |     45 |      0 |   1817 |   3 |  749.3 |
       Dungeon |   2248 |   2203 |     45 |      0 |   1817 |   3 |  749.3 |
               +--------+--------+--------+--------+--------+-----+--------+

Top non-repeatable levels by time:
     D:2: 1285 daAuts
     D:1: 939 daAuts
     D:3: 23 daAuts
